 Dungeon Crawl Stone Soup version 0.31-a0-236-g9a0961fb85 (webtiles) character file.

Game seed: 13955226084620551394

41 qw the Shooter (level 3, -2/21 HPs)
             Began as a Gargoyle Hexslinger on July 10, 2023.
             Slain by an orc priest
             ... wielding a +0 club
              (4 damage)
             ... on level 3 of the Dungeon.
             The game lasted 00:00:28 (1478 turns).

qw the Shooter (Gargoyle Hexslinger)                Turns: 1478, Time: 00:00:29

Health: -2/21      AC:  8    Str: 10 (11) XL:     3   Next: 52%
Magic:  4/4        EV: 10    Int: 12 (13) God:
Gold:   76         SH:  0    Dex: 12 (14) Spells: 3/4 levels left

rFire   . . .        Y - +1 sling
rCold   . . .        (no shield)
rNeg    + . .        f - +0 ring mail
rPois   inf          (no helmet)
rElec   +            (no cloak)
rCorr   .            (no gloves)
SInv    .            (no boots)
Will    .....        (no amulet)
Stlth   +            (no ring)
HPRegen 0.23/turn    (no ring)
MPRegen 0.09/turn

%: no passive effects
@: no status effects
A: sickness immunity, AC +3, negative energy resistance 1, electricity
resistance, torment resistance 1, petrification resistance
a: no special abilities


You were on level 3 of the Dungeon.
You visited 1 branch of the dungeon, and saw 3 of its levels.

You collected 76 gold pieces.


Innate Abilities, Weirdness & Mutations

You are immune to sickness and miasma.
Your stone body is resilient. (AC +3)
You are immune to poison.
You resist negative energy. (rN+)
You are resistant to electric shocks. (rElec)
You are resistant to unholy torment.
You are immune to petrification.


   Skills:
 - Level 2.0 Fighting
 + Level 3.4 Ranged Weapons
 - Level 1.5 Dodging
 - Level 1.0 Spellcasting
 - Level 2.6 Hexes


You had 3 spell levels left.
You knew the following spells:

 Your Spells              Type           Power      Damage    Failure   Level
a - Slow                  Hex            28%        N/A       26%         1

Your spell library contained the following spells:

 Spells                   Type           Power      Damage    Failure   Level
 Inner Flame              Hex/Fire       3%         N/A       80%         3
 Portal Projectile        Hex/Tloc       6%         N/A       80%         3
 Cause Fear               Hex            3%         N/A       95%         4

Inventory:

Hand Weapons
 Y - a +1 sling (weapon)
Armour
 f - a +0 ring mail (worn)
Scrolls
 g - 4 scrolls of identify

Dungeon Overview and Level Annotations

Branches:
Dungeon (2/15)

Altars:


Message History

Ouch! That really hurt!
The orc wizard casts a spell.
The orc wizard flickers and vanishes!
Deactivating autopickup; reactivate with Ctrl-A.
You shoot a sling bullet.
A puff of flame appears from out of thin air!
The puff of flame hits you.
The orc priest begins to cast a cantrip, but forgets the words!
You shoot a sling bullet. The sling bullet hits the orc priest.
The orc priest is moderately wounded.
You shoot a sling bullet. Something hits you.
Something hits you but does no damage.
The orc priest invokes the aid of Beogh against you.
Something writhes in agony!
Reactivating autopickup.
You feel a bit more experienced.
You shoot a sling bullet.
The sling bullet hits the orc priest but does no damage.
The orc priest is moderately wounded.
You shoot a sling bullet. The sling bullet hits the orc priest.
The orc priest is moderately wounded.
The orc priest misses you.
You shoot a sling bullet. The sling bullet hits the orc priest.
The orc priest is heavily wounded.
The orc priest closely misses you.
The orc priest hits you but does no damage.
You shoot a sling bullet.
The sling bullet hits the orc priest but does no damage.
The orc priest is heavily wounded.
The orc priest hits you but does no damage.
You shoot a sling bullet.
The sling bullet hits the orc priest but does no damage.
The orc priest is heavily wounded.
The orc priest barely misses you.
The orc priest hits you but does no damage.
You shoot a sling bullet.
The sling bullet hits the orc priest but does no damage.
The orc priest is heavily wounded.
The orc priest hits you with a +0 club.
You die...

#.. #.# #?# #.#####
#.##.. #.##.# #
.########.##.######.#
......o@....#.......#
.########.##.######.#
#.##.# # #.##..
#.##### #.# #.. ...


You could see an orc priest.

Vanquished Creatures
  A dart slug (D:1)
  9 ball pythons
  2 endoplasms (D:1)
  3 giant cockroaches (D:1)
  5 jackals (D:1)
  A bat (D:1)
  4 frilled lizards
  2 goblins (D:1)
  2 kobolds (D:1)
  3 rats (D:1)
32 creatures vanquished.

Vanquished Creatures (others)
  An orc wizard (D:3)
1 creature vanquished.

Grand Total: 33 creatures vanquished

Notes
Turn   | Place    | Note
-------+----------+-------------------------------------------
     0 | D:1      | qw the Gargoyle Hexslinger began the quest for the Orb.
     0 | D:1      | Reached XP level 1. HP: 12/12 MP: 2/2
     0 | D:1      | 0 ||| qw: Version: 0.3-a-52-g30416fa
     0 | D:1      | 0 ||| qw: Game counter: 4558
     0 | D:1      | 0 ||| qw: Melee chars always use a shield: true
     0 | D:1      | 0 ||| qw: God list: Okawaru
     0 | D:1      | 0 ||| qw: Allow faded altars: false
     0 | D:1      | 0 ||| qw: Do Orc after clearing Dungeon:15 true
     0 | D:1      | 0 ||| qw: Do second Lair branch before Depths: true
     0 | D:1      | 0 ||| qw: Lair rune preference: random
     0 | D:1      | 0 ||| qw: Goals: Normal
     0 | D:1      | 0 ||| PLANNING D:1-11
    70 | D:1      | Reached XP level 2. HP: 16/16 MP: 3/3
   121 | D:1      | Reached skill level 3 in Ranged Weapons
   234 | D:1      | Found a faded altar of an unknown god.
   428 | D:1      | Reached XP level 3. HP: 21/21 MP: 4/4
  1185 | D:1      | 1185 ||| UPGRADING to +0 ring mail.
  1195 | D:1      | 1195 ||| DROPPING +0 robe.
  1196 | D:1      | 1196 ||| READING scroll labelled LYILUY DA RALU.
  1200 | D:1      | 1200 ||| READING 5 scrolls labelled TUIHAX FOUFO.
  1201 | D:1      | 1201 ||| READING 2 scrolls labelled TAIXAH WOOTZ.
  1202 | D:1      | 1202 ||| DRINKING 2 fuming black potions.
  1203 | D:1      | 1203 ||| READING 4 scrolls of identify.
  1203 | D:1      | 1203 ||| IDENTIFYING brown potion
  1204 | D:1      | 1204 ||| DROPPING scroll of poison.
  1205 | D:1      | 1205 ||| DROPPING potion of degeneration.
  1206 | D:1      | 1206 ||| DROPPING scroll of vulnerability.
  1452 | D:2      | You fall into a shaft and drop 1 floor!
  1466 | D:3      | 1466 ||| DRINKING potion of curing.
  1466 | D:3      | 1466 ||| (to cure confusion)
  1469 | D:3      | HP: 3/21 [orc priest/divine providence (16)]
  1470 | D:3      | HP: 1/21 [something/puff of flame (2)]
  1478 | D:3      | Slain by an orc priest

Levels and vault maps discovered:
D:1:      erik_arrival_cave_to_civilisation [erik_arrival_cave_to_hall],
          layout_loops_ring, hellmonk_ecumenical_altar_zigzags,
          chequers_serial_rivers_micro_a
D:2:      layout_basic, kennysheep_jessica_study
D:3:      layout_loops_ring, minmay_snake_closets

Skill      XL: |  1  2  3 |
---------------+----------+-----
Ranged Weapons | 3 |  3.4
Fighting       | 2 |  2.0
Dodging        | |  1.5
Spellcasting   | |  1.0
Hexes          | |  2.6

Action                     || total
---------------------------++-------
   Fire: Sling             ||   126
    Use: Scroll            ||     4
         Potion            ||     2
 Armour: Robe              ||    28
         Ring mail         ||     4
  Dodge: Dodged            ||    60

Table legend:
 A = Non-vault XP
 B = Vault XP
 C = Vault XP percentage of total XP
 D = Non-vault monster count
 E = Vault monster count
 F = Vault count percentage of total count
                 A         B        C        D         E       F
            +---------+---------+-------+---------+---------+-------
      Total |      53 |       6 |  10.2 |      31 |       2 |   6.1
            +---------+---------+-------+---------+---------+-------
        D:1 |      41 |       6 |  12.8 |      28 |       2 |   6.7
        D:3 |      12 |       0 |   0.0 |       3 |       0 |   0.0
            +---------+---------+-------+---------+---------+-------
